 Dungeon Crawl Stone Soup version 0.16-b1 (webtiles) character file.

49 toofou the Slasher (level 3, -1/49 HPs)
             Began as a Minotaur Berserker on Mar 14, 2015.
             Was a Believer of Trog.
             Slain by Grinder (3 damage)
             ... on level 3 of the Dungeon.
             The game lasted 00:05:45 (1672 turns).

toofou the Slasher (Minotaur Berserker)             Turns: 1672, Time: 00:05:45

Health: -1/49      AC: 11    Str: 27    XL:     3   Next: 51%
Magic:  2/2        EV:  4    Int:  4    God:    Trog [**....]
Gold:   140        SH:  0    Dex:  9    Spells: 0 memorised, 2 levels left

rFire  . . .     SeeInvis .     a - +0 falchion
rCold  . . .     Clarity  .     i - +0 plate armour
rNeg   . . .     SustAb   .     (no shield)
rPois  .         Gourm    .     (helmet restricted)
rElec  .         Spirit   .     (no cloak)
rCorr  .         Warding  .     (no gloves)
rMut   .         Stasis   .     (no boots)
MR     .....                    (no amulet)
Stlth  ..........               q - ring of flight
                                l - -4 ring of evasion (curse)

@: berserking, very quick, not resistant to hostile enchantments, extremely
unstealthy
A: retaliatory headbutt, horns 2
a: Burn Spellbooks, Berserk, Trog's Hand, Renounce Religion, Evoke Flight


You were on level 3 of the Dungeon.
You worshipped Trog.
Trog was pleased with you.
You were not hungry.

You visited 1 branch of the dungeon, and saw 3 of its levels.

You collected 140 gold pieces.

Inventory:

Hand weapons
 a - a +0 falchion (weapon)
Armour
 b - a +0 animal skin
 i - a +0 plate armour (worn)
Jewellery
 l - a cursed -4 ring of evasion (left hand)
 o - an uncursed ring of ice
 q - a ring of flight (right hand)
Scrolls
 d - 3 scrolls of magic mapping
 g - a scroll of amnesia {unknown}
 m - a scroll of fog {unknown}
 n - 2 scrolls of teleportation {unknown}
 p - a scroll of identify {unknown}
 s - a scroll of fear {unknown}
Potions
 e - 2 potions of curing {unknown}
 j - 2 potions of haste
 k - a potion of lignification {unknown}
 r - 2 potions of might {unknown}
 t - a potion of restore abilities {unknown}
Comestibles
 c - a bread ration
 f - a meat ration
 h - a fruit


   Skills:
 + Level 4.3 Fighting
 + Level 4.4 Long Blades
 + Level 3.0 Armour
 + Level 2.5 Dodging


You had 2 spell levels left.
You didn't know any spells.

Dungeon Overview and Level Annotations

Branches:
Dungeon (3/15)

Altars:
Ashenzari
Cheibriados
Kikubaaqudgha
Ru
Zin

Annotations:
D:3 Grinder, Sigmund


Innate Abilities, Weirdness & Mutations

You reflexively headbutt those who attack you in melee.
You have a pair of horns on your head.


Message History

Grinder hits you but does no damage.
Sigmund casts a spell.
Sigmund flickers and vanishes!
Deactivating autopickup; reactivate with Ctrl-A.
Grinder says, "DUCK!"
Grinder hits you.
You writhe in agony.
* * * LOW HITPOINT WARNING * * *
Use which ability? (? or * to list)
A red film seems to cover your vision as you go berserk!
You feel yourself moving faster!
You feel mighty!
You feel somewhat more hungry. Grinder gestures at you.
Pain shoots through your body!
* * * LOW HITPOINT WARNING * * *
Something hits you.
* * * LOW HITPOINT WARNING * * *
You hit Grinder.
Grinder is severely wounded.
Grinder hits you but does no damage. Grinder hits you.
You die...

### #<#
#.#
#.#######
#.....@.#
#######5#
{# .# .#
.# .# .#
.


You could see Grinder.

Vanquished Creatures
  2 adders (D:2)
  A worm (D:2)
  A giant gecko (D:1)
  A ball python (D:2)
  2 giant cockroaches (D:2)
  2 goblins (D:1)
  3 hobgoblins (D:1)
  4 bats
  4 kobolds (D:1)
  4 rats (D:1)
24 creatures vanquished.

Notes
Turn   | Place    | Note
--------------------------------------------------------------
     0 | D:1      | toofou, the Minotaur Berserker, began the quest for the Orb.
     0 | D:1      | Reached XP level 1. HP: 19/19 MP: 1/1
   380 | D:1      | Reached XP level 2. HP: 27/27 MP: 1/1
   423 | D:1      | Acquired Trog's second power
   472 | D:1      | Reached skill level 4 in Long Blades
   974 | D:2      | Reached XP level 3. HP: 8/33 MP: 2/2
  1348 | D:2      | Found a sacrificial altar of Ru.
  1356 | D:2      | Found a snail-covered altar of Cheibriados.
  1358 | D:2      | Found an ancient bone altar of Kikubaaqudgha.
  1359 | D:2      | Found a shattered altar of Ashenzari.
  1452 | D:2      | Found a glowing silver altar of Zin.
  1452 | D:2      | Noticed an angel
  1661 | D:3      | Noticed Grinder
  1663 | D:3      | Noticed Sigmund
  1671 | D:3      | HP: 2/49 [something (3)]
  1672 | D:3      | Slain by Grinder

Action                   || total
-------------------------++-------
Melee: Falchion          ||    86
Invok: Berserk           ||     1
  Use: Scroll            ||     1
  Eat: Bread ration      ||     1
